[Event "*** SCC Grand Prix: Titled Tuesday Blitz"]
[Site "Chess.com"]
[Date "2020.09.29"]
[Round "6"]
[White "Belka1989"]
[Black "tlomigtlis"]
[Result "1/2-1/2"]
[WhiteElo "2289"]
[BlackElo "2527"]
[TimeControl "180+1"]
[EndTime "11:07:07 PDT"]
[Termination "Game drawn by repetition"]

1. d4 d5 2. Nf3 Nf6 3. Bf4 c5 4. e3 Nc6 5. c3 Qb6 6. Qc2 c4 7. b3 cxb3 8. axb3 g6 9. Nbd2 Bf5 10. Bd3 e6 11. O-O Bg7 12. Ne5 O-O 13. Bxf5 exf5 14. Qd3 Rac8 15. f3 Rfe8 16. b4 a6 17. Nb3 Nxe5 18.
Bxe5 Nd7 19. Bxg7 Kxg7 20. Nc5 Nf6 21. Rfe1 Re7 22. Ra2 Rce8 23. Rae2 Qd6 24. e4 dxe4 25.
fxe4 Ng4 26. e5 Qc7 27. h3 Nh6 28. Qf3 b6 29. Nxa6 Qc4 30. b5 Qxb5 31. Nb4 f6 32. exf6+ Kxf6 33. Rxe7 Rxe7 34. Nd5+ Qxd5 35. Qxd5 Rxe1+ 36.
Kf2 Re6 37. c4 Nf7 38. c5 bxc5 39. dxc5 Ne5 40. Qd4 Rc6 41. g4 fxg4 42. hxg4 Ke6 43. g5 Rc8 44. Qe4 Rxc5 45. Qh4 Rc7 46. Qe4 Rf7+ 47.
Kg2 Rf5 48. Qe3 Kf7 49. Qb3+ Kg7 50. Qb7+ Nf7 51. Qe7 Rxg5+ 52. Kh1 Rf5 53. Kh2 h5 54. Kh1 Rf2 55. Qa7 Rf1+ 56. Kg2 Rf5 57. Qd4+ Kh6 58. Qc3 h4 59. Qc1+ Ng5 60. Qc8 h3+ 61. Kg3 Kg7 62. Qc7+ Rf7 63. Qc8 Rf3+ 64. Kg4 Rf5 65. Qc7+ Nf7 66.
Kg3 Rh5 67. Kh2 Kf6 68. Qc3+ Ne5 69. Qd4 Kf5 70. Qf2+ Kg5 71. Qe3+ Kf6 72. Qd4 Ke6 73.
Qb6+ Kf5 74. Qf2+ Ke4 75. Qe2+ Kf4 76. Qd2+ Kg4 77. Qd4+ Kf3 78. Qc3+ Kf4 79. Qd4+ Kf5 80. Qf2+ 1/2-1/2

[Event "*** SCC Grand Prix: Titled Tuesday Blitz"]
[Site "Chess.com"]
[Date "2020.09.29"]
[Round "6"]
[White "FontVella8"]
[Black "Witik"]
[Result "1/2-1/2"]
[WhiteElo "2488"]
[BlackElo "2670"]
[TimeControl "180+1"]
[EndTime "11:07:12 PDT"]
[Termination "Game drawn - insufficient material"]

1. e4 c6 2. d4 d5 3. e5 Bf5 4. Nf3 e6 5. Be2 Bg6 6. O-O Nh6 7. b3 Nf5 8. c4 Be7 9. Nc3 O-O 10. g4 Nh4 11.
Nxh4 Bxh4 12. cxd5 cxd5 13. f4 f5 14. Bd3 Nc6 15.
Be3 Rc8 16. Rc1 a6 17. g5 h6 18. Qd2 hxg5 19. fxg5 Nxe5 20. dxe5 d4 21. Bc4 dxe3 22.
Bxe6+ Kh8 23. Qxe3 Qxg5+ 24. Qxg5 Bxg5 25. Bxc8 Bxc1 26. Bxb7 Be3+ 27. Kg2 Bd4 28. Ne2 Bxe5 29. Nf4 Bf7 30. Bxa6 Ra8 31. Nd3 Bd5+ 32. Kh3 Bd6 33. Bc4 Rxa2 34. Rf2 Rxf2 35. Nxf2 Bf3 36. Nd3 g5 37.
Be6 Be4 38. Nf2 Bc2 39. Kg2 Kg7 40. Bc4 Kf6 41. h3 Bc5 42. Nd3 Bd4 43. Kf3 Bd1+ 44. Kg2 f4 45. Bd5 Kf5 46. Nf2 Bc2 47. Bc4 Be3 48.
Bd3+ Bxd3 49. Nxd3 Ke4 50. Ne1 Kf5 51. b4 g4 52.
hxg4+ Kxg4 53. b5 Bb6 54. Nf3 Kf5 55. Ne1 Ke4 56. Nf3 Ke3 57. Nh4 Ke2 58. Nf3 Be3 59.
Ne5 Ba7 60. Nf3 Bb6 61. Ne5 Bc7 62. Nf3 Bd6 63. Nd4+ Kd3 64. Nf3 Ke3 65. Nh4 Ke4 66.
Nf3 Be7 67. Kf2 Bc5+ 68. Ke2 Kd5 69. Kd3 Be3 70. Ne1 Kc5 71. Ke4 Kxb5 72. Ng2 f3 73. Nxe3 f2 74. Kf3 f1=Q+ 75. Nxf1 1/2-1/2

[Event "*** SCC Grand Prix: Titled Tuesday Blitz"]
[Site "Chess.com"]
[Date "2020.09.29"]
[Round "6"]
[White "AniJak"]
[Black "PotapovaM"]
[Result "0-1"]
[WhiteElo "2381"]
[BlackElo "2568"]
[TimeControl "180+1"]
[EndTime "11:07:14 PDT"]
[Termination "PotapovaM won on time"]

1. e4 c5 2. Nc3 d6 3. g3 g6 4. Bg2 Bg7 5. d3 Nc6 6. Nh3 e5 7. O-O Nge7 8. f4 Be6 9. Nd5 h6 10. g4 exf4 11. Nhxf4 Bxd5 12. Nxd5 Nxd5 13. exd5 Ne5 14.
Bf4 h5 15. g5 Qd7 16. c3 O-O 17. Bxe5 Bxe5 18. Qf3 Rae8 19. Rae1 b5 20. Re2 Qe7 21.
Rfe1 Qxg5 22. Qf2 Rc8 23. Kh1 a5 24. Rg1 Qf4 25. Qxf4 Bxf4 26. Bf3 Kh7 27. Re7 Be5 28. Ra7 Ra8 29. Rb7 b4 30. Rc1 Rab8 31. Ra7 Ra8 32. Rb7 Kg7 33. Rc2 Rfb8 34. Rxb8 Rxb8 35. c4 Re8 36. b3 Bd4 37. Kg2 Re1 38. Re2 Rg1+ 39.
Kh3 Rf1 40. Bg2 Rd1 41. Be4 f5 42. Bf3 Rxd3 43. Kg2 Be5 44. h3 Kf6 45. Re1 Rd2+ 46. Re2 Rd3 47. Re1 h4 48. Re2 g5 49. Rf2 Kg6 50. Be2 Re3 51. Bd1 Rg3+ 52. Kf1 Kf6 53. Bg4 f4 54. Ke1 Re3+ 55. Re2 Rc3 56. Kf1 Rc1+ 57.
Re1 Rc2 58. Re2 Rc3 59. Rf2 a4 60. Rf3 Rc1+ 61. Kg2 a3 62. Rf2 Ra1 63. Be6 Bb2 64. Re2 Rxa2 65. Bg4 Ra1 66. Re6+ Kf7 67. Rxd6 Bd4 68.
Rd7+ Kf6 69. Rd6+ Ke7 70. Re6+ Kf8 71. d6 a2 0-1

[Event "*** SCC Grand Prix: Titled Tuesday Blitz"]
[Site "Chess.com"]
[Date "2020.09.29"]
[Round "6"]
[White "DariaVoit"]
[Black "Evgeny81"]
[Result "1/2-1/2"]
[WhiteElo "2477"]
[BlackElo "2662"]
[TimeControl "180+1"]
[EndTime "11:07:16 PDT"]
[Termination "Game drawn - insufficient material"]

1. f4 d5 2. Nf3 g6 3. e3 Bg7 4. d4 c5 5. dxc5 Nf6 6. c4 O-O 7. Nc3 Qa5 8. cxd5 Nxd5 9. Qxd5 Bxc3+ 10. Bd2 Bxd2+ 11. Qxd2 Qxc5 12. Rc1 Qb6 13. Kf2 Nc6 14. Be2 Be6 15. b3 Rfd8 16. Qb2 Nb4 17. Rhd1 Rxd1 18. Rxd1 Rc8 19. Rd2 Nd5 20. Qd4 Nc3 21. Qxb6 axb6 22. Bd3 Ra8 23. Nd4 Bd5 24. a4 Rc8 25. Rc2 Rc5 26.
g3 f6 27. Ke1 e5 28. Nb5 Nxb5 29. axb5 Bxb3 30. Rb2 Bd5 31. e4 Be6 32. Kd2 Kf7 33.
Rb1 Ke7 34. Ra1 exf4 35. gxf4 Rh5 36. Ra7 Rxh2+ 37. Ke3 Bc8 38. Ra8 Kd8 39. e5 fxe5 40. fxe5 Kc7 41. Bc4 Rh3+ 42. Kd4 Rh4+ 43. Kd5 Rh1 44. Ra2 Rd1+ 45. Ke4 Bf5+ 46. Ke3 Re1+ 47. Kd4 Re4+ 48. Kd5 Re1 49. Rd2 h5 50. Bd3 Bxd3 51.
Rxd3 Kd7 52. Rf3 Ke7 53. Rf6 Rd1+ 54. Ke4 Rg1 55. Rxb6 h4 56. Kd5 Rd1+ 57. Ke4 h3 58. Rxb7+ Ke6 59. Rb6+ Kf7 60. Rb7+ Kg8 61. Rb8+ Kg7 62.
Rb7+ Kh6 63. Rb8 Kg5 64. Rh8 Kg4 65. e6 Re1+ 66. Kd5 Kf5 67. Rxh3 Re5+ 68. Kc6 Rxe6+ 69.
Kc7 Kf4 70. b6 g5 71. b7 Re7+ 72. Kc8 Rxb7 73. Kxb7 g4 74. Rh1 g3 75. Rg1 Kf3 76. Rxg3+ Kxg3 1/2-1/2

[Event "*** SCC Grand Prix: Titled Tuesday Blitz"]
[Site "Chess.com"]
[Date "2020.09.29"]
[Round "6"]
[White "davigator"]
[Black "Korchmar_Vasiliy"]
[Result "1/2-1/2"]
[WhiteElo "2359"]
[BlackElo "2549"]
[TimeControl "180+1"]
[EndTime "11:07:20 PDT"]
[Termination "Game drawn by stalemate"]

1. e4 c5 2. Nf3 Nc6 3. d4 cxd4 4. Nxd4 g6 5. c4 Bg7 6. Be3 h5 7. Nc3 h4 8. Be2 h3 9. g3 d6 10. Qd2 Nf6 11. f3 O-O 12. O-O Nxd4 13. Bxd4 Nd7 14. Bxg7 Kxg7 15. b3 Nc5 16. Rfd1 Be6 17. Bf1 Qa5 18.
Qd4+ f6 19. g4 Nd7 20. Bxh3 Rh8 21. Bg2 Qg5 22. h3 Qh4 23. Qf2 g5 24. Rd2 Ne5 25.
Rf1 Ng6 26. Qxh4 Rxh4 27. Rfd1 Nf4 28. Ne2 Nxh3+ 29. Bxh3 Rxh3 30. Kf2 a5 31. a4 Rah8 32. Rg1 Rh2+ 33. Rg2 Rh1 34. Nd4 Bd7 35. Ke3 Rb1 36. Rb2 Rhh1 37. Rxb1 Rxb1 38. Re2 e5 39. Nb5 Rxb3+ 40.
Kf2 Bxb5 41. cxb5 d5 42. exd5 Rc3 43. d6 Rd3 44. Rc2 Rxd6 45. Rc7+ Kg6 46. Rxb7 Rd4 47.
Ra7 Rxa4 48. b6 Rb4 49. Rxa5 Rxb6 50. Ra2 Rb3 51. Rc2 Rb4 52. Ra2 Rc4 53. Rb2 Kf7 54.
Ra2 Rc6 55. Ke3 Ke6 56. Rb2 Rc3+ 57. Ke2 Kd5 58. Rd2+ Kc5 59. Rd8 Rb3 60. Rf8 Rb6 61. Kd3 Rd6+ 62. Ke4 Rd4+ 63. Ke3 Rf4 64. Rd8 Kc6 65.
Rd1 Kc7 66. Rd2 e4 67. fxe4 Rxg4 68. Rf2 Rg3+ 69. Kd4 Kd6 70. Rxf6+ Ke7 71. Rg6 Rg1 72. Ke5 g4 73. Kf4 g3 74. Rxg3 Rxg3 75. Kxg3 Ke6 76.
Kf4 Kf6 77. e5+ Ke6 78. Ke4 Ke7 79. Kf4 Ke6 80. Ke4 Ke7 81. Kd5 Kd7 82. e6+ Ke7 83. Ke5 Ke8 84. Kf6 Kf8 85. e7+ Ke8 86. Ke6 1/2-1/2

[Event "*** SCC Grand Prix: Titled Tuesday Blitz"]
[Site "Chess.com"]
[Date "2020.09.29"]
[Round "6"]
[White "lelya96"]
[Black "shriyanasmallya"]
[Result "1/2-1/2"]
[WhiteElo "2203"]
[BlackElo "1600"]
[TimeControl "180+1"]
[EndTime "11:07:21 PDT"]
[Termination "Game drawn by repetition"]

1. d4 d5 2. Nc3 e6 3. e4 Nf6 4.
Bg5 dxe4 5. Nxe4 Be7 6. Bxf6 Bxf6 7. Qd3 Nc6 8. c3 a5 9. Qg3 O-O 10. Bd3 Be7 11. Nf3 h6 12. O-O f5 13. Ned2 Bd6 14.
Ne5 Bxe5 15. dxe5 Nxe5 16. Qxe5 Qxd3 17. Rad1 Qd5 18. Qxc7 Qc6 19. Qxc6 bxc6 20. Nc4 Ba6 21. b3 a4 22. Rd6 axb3 23. axb3 Rfe8 24. Rxc6 Bb5 25.
Rc5 Rab8 26. Re1 Bxc4 27. bxc4 Kf7 28. Rc7+ Re7 29. Rc6 Kf6 30. g3 g5 31. c5 Rb5 32.
Kg2 f4 33. gxf4 gxf4 34. Kf3 Kf5 35. Rd1 Rb3 36. Rd3 e5 37. Rd8 Rxc3+ 38. Ke2 Rc2+ 39. Ke1 f3 40. Rxh6 Rxc5 41. Rh4 Rb7 42. Rf8+ Kg5 43.
Re4 Rb2 44. Rd8 Rc1+ 45. Rd1 Rxd1+ 46. Kxd1 Kf5 47. Re3 Rxf2 48. h4 Rh2 49. Rxf3+ Kg4 50. Re3 Kf4 51. Re2 Rxh4 52. Kd2 e4 53. Rf2+ Ke5 54.
Ke2 Kd4 55. Rf6 Rh3 56. Rd6+ Ke5 57. Rd8 Rh2+ 58. Ke3 Rh3+ 59. Ke2 Kf4 60. Rf8+ Kg5 61. Rg8+ Kf6 62. Re8 Kf5 63. Rf8+ Ke6 64. Re8+ Kd5 65.
Rd8+ Ke5 66. Re8+ Kd4 67. Rd8+ Kc4 68. Re8 Kd5 69. Rd8+ Kc5 70. Re8 Kd4 71. Rd8+ Ke5 72. Re8+ Kf5 73. Rf8+ Ke6 74. Re8+ Kd5 1/2-1/2

[Event "*** SCC Grand Prix: Titled Tuesday Blitz"]
[Site "Chess.com"]
[Date "2020.09.29"]
[Round "6"]
[White "IANOV0007"]
[Black "belisarius64"]
[Result "1/2-1/2"]
[WhiteElo "2492"]
[BlackElo "2672"]
[TimeControl "180+1"]
[EndTime "11:07:26 PDT"]
[Termination "Game drawn - insufficient material"]

1. Nf3 Nf6 2. g3 g6 3. b3 Bg7 4.
Bb2 O-O 5. Bg2 d6 6. d4 Nc6 7. O-O a5 8. a4 Nd7 9. Nbd2 e5 10. dxe5 dxe5 11. e4 Nc5 12. Ba3 Nb4 13. Bxb4 axb4 14. Qe2 b6 15. Rfd1 Ba6 16. Nc4 Qe7 17. Bf1 Ne6 18.
Qe1 Nd4 19. Nxd4 exd4 20. Bd3 Rfe8 21. Qd2 h5 22. Re1 Qc5 23. Rad1 Re6 24. Kg2 Rae8 25. f3 Bb7 26. Re2 Kh7 27. Rde1 Bh6 28. Qd1 c6 29. Qa1 b5 30. Nb2 Ra8 31. Qb1 Be3 32. axb5 cxb5 33.
Nd1 Bh6 34. Nf2 Qc3 35. Nd1 Qa1 36. Qxa1 Rxa1 37. Nf2 Rxe1 38. Rxe1 Rc6 39. Ra1 Ra6 40. Rxa6 Bxa6 41. f4 Bf8 42. e5 Kg7 43. Be4 f6 44. Nd3 Be7 45. Kf3 g5 46. e6 f5 47. Bxf5 Bb7+ 48.
Kf2 Kf6 49. Bh3 g4 50. Bg2 Bxg2 51. Kxg2 Kxe6 52. Kf2 Kf5 53. Ke2 Ke4 54. Nf2+ Kd5 55.
Kd3 Bd6 56. Ne4 Be7 57. f5 Ke5 58. f6 Bxf6 59. Nc5 Be7 60. Ne4 h4 61. Nf2 hxg3 62. hxg3 Kf5 63. Ne4 Ke5 64. Nf2 Kf5 65. Ne4 Bd8 66.
Kxd4 Bb6+ 67. Kd3 Bc7 68. Kd4 Be5+ 69. Kd3 Bb8 70. Ke3 Ba7+ 71. Kd3 Bb8 72. Kd4 Ba7+ 73.
Kd5 Bb8 74. Nd6+ Bxd6 75. Kxd6 Ke4 76. Kc5 Kf3 77. Kxb4 Kxg3 78. c4 bxc4 79. bxc4 Kf3 80. c5 g3 81. c6 g2 82. c7 g1=Q 83. c8=Q Qb6+ 84. Kc4 Qe3 85. Qh3+ Ke2 86. Qxe3+ Kxe3 1/2-1/2

[Event "*** SCC Grand Prix: Titled Tuesday Blitz"]
[Site "Chess.com"]
[Date "2020.09.29"]
[Round "6"]
[White "Grieve72"]
[Black "Atakishiyev04"]
[Result "1/2-1/2"]
[WhiteElo "2477"]
[BlackElo "2692"]
[TimeControl "180+1"]
[EndTime "11:07:43 PDT"]
[Termination "Game drawn by agreement"]

1. e4 Nf6 2. e5 Nd5 3. d4 Nb6 4. Nf3 d6 5. Be2 g6 6. O-O Bg7 7. Bf4 O-O 8. c3 Nc6 9. Na3 Bf5 10. Re1 a6 11. h3 dxe5 12. dxe5 Qd5 13. Nc4 Rfd8 14.
Nxb6 cxb6 15. Qxd5 Rxd5 16. Bc4 Rdd8 17. a4 Na5 18.
Ba2 e6 19. Be3 Nc6 20. Bxb6 Rd7 21. Bc4 Rc8 22. Bf1 g5 23. g4 Bc2 24. a5 h6 25. Rac1 Bb3 26. Re3 Bd5 27. Nd4 Nxe5 28. Rd1 Bc4 29. b3 Bxf1 30. Rxf1 Nc6 31. Nxc6 Rxc6 32.
c4 Rcd6 33. Rc1 Rd3 34. b4 Rxe3 35. Bxe3 Rd3 36. c5 Rb3 37. Rc4 Bc3 38. c6 bxc6 39. Rxc6 Bxb4 40. Rxa6 Ra3 41. Ra8+ Kh7 42. a6 f5 43. a7 f4 44. Bb6 f3 45. Rd8 Ra1+ 46.
Kh2 Bc3 47. Rd7+ Kg6 48. Bd4 Bxd4 49. Rxd4 Rxa7 50. Kg3 Rf7 51. Rd3 e5 52. Rxf3 Rf4 53. Rb3 Rf6 54. Rb5 Re6 55. Kf3 Kf6 56. Ke4 Ra6 57.
f3 Ke6 58. Rb4 Rd6 59. Ra4 Rc6 60. Ke3 Kd5 61. Ra5+ Kd6 62. Ra4 Kd5 63. Ra5+ Kd6 64. Ra4 Rc1 65. Ke4 Re1+ 66. Kf5 Rh1 67. Ra6+ Kd5 68.
Ra5+ Kd4 69. Rxe5 Rxh3 70. Re4+ Kd3 71. Re8 Rxf3+ 72. Kg6 Rh3 73. Re7 Rh4 74. Kf5 Rh1 75. Re6 Kd4 76. Kg6 Kd5 77. Re8 Rh4 78. Kf5 Kd6 79.
Re3 Kd7 80. Re2 Rh1 81. Re3 Rf1+ 82. Kg6 Rf4 83. Kxh6 Rxg4 84. Kh5 Rg1 85. Re4 Kd6 86. Rg4 1/2-1/2

[Event "*** SCC Grand Prix: Titled Tuesday Blitz"]
[Site "Chess.com"]
[Date "2020.09.29"]
[Round "6"]
[White "Shield12"]
[Black "LiemLe"]
[Result "1/2-1/2"]
[WhiteElo "2865"]
[BlackElo "2984"]
[TimeControl "180+1"]
[EndTime "11:07:53 PDT"]
[Termination "Game drawn - insufficient material"]

1. e4 c6 2. d4 d5 3. exd5 cxd5 4.
Bd3 Nc6 5. c3 Qc7 6. h3 Nf6 7.
Nf3 g6 8. Qc2 Bg7 9. O-O O-O 10. Re1 Re8 11. Nbd2 Nh5 12. Nb3 Nf4 13. Bf1 Bf5 14. Qd2 e5 15. dxe5 Ne6 16. Nbd4 Be4 17. Bd3 Nexd4 18. Nxd4 Bxe5 19. Nxc6 bxc6 20. Bxe4 dxe4 21.
Qc2 f5 22. Bg5 Kg7 23. Rad1 h6 24. Be3 Rad8 25. Qa4 Bf6 26. Qxa7 Qxa7 27. Bxa7 Ra8 28. Rd7+ Re7 29. Rxe7+ Bxe7 30. Bd4+ Kf7 31. a3 c5 32. Be3 g5 33. g3 Ke6 34. f3 Bd6 35. fxe4 fxe4 36.
g4 c4 37. Rd1 Rb8 38. Rd4 Rxb2 39. Rxe4+ Kd5 40. Rd4+ Ke5 41. Rxc4 Bxa3 42. Ra4 Bd6 43. Bf2 Rc2 44. Bg3+ Ke6 45. Ra6 Rc1+ 46. Kf2 Rc2+ 47. Ke1 Rxc3 48. Bxd6 Rxh3 49. Bf8+ Kf7 50. Bxh6 Rh4 51.
Bxg5 Rxg4 52. Be3 Re4 53. Ke2 Re6 54. Ra5 Kf6 55. Kf3 Rc6 56. Bd4+ Ke6 57. Ke4 Kd6 58. Rh5 Rc1 59. Rh6+ Kd7 60. Kd5 Rd1 61. Rh7+ Kd8 62. Kc5 Ke8 63. Be5 Rd7 64. Rh6 Rd1 65. Bd6 Kf7 66. Be5 Rd2 67. Bd4 Ke7 68. Kd5 Kd7 69. Rh7+ Kd8 70. Ke5 Kc8 71. Rg7 Rd1 72. Rg2 Kd7 73.
Rg6 Kc7 74. Kd5 Kd7 75. Rg7+ Kd8 76. Ke5 Kc8 77. Bc5 Rd7 78. Be7 Kc7 79. Ke6 Kc6 80. Rg2 Rd1 81. Rc2+ Kb5 82. Bf6 Rh1 83. Kd5 Rh5+ 84.
Be5 Rg5 85. Rb2+ Ka5 86. Rb1 Rh5 87. Kd4 Ka6 88. Rb8 Rg5 89. Bd6 Rb5 90. Ra8+ Kb7 91. Rh8 Kc6 92. Rh6 Rd5+ 93. Ke4 Rxd6 94. Rxd6+ Kxd6 1/2-1/2

[Event "*** SCC Grand Prix: Titled Tuesday Blitz"]
[Site "Chess.com"]
[Date "2020.09.29"]
[Round "6"]
[White "Fy_Rakotomaharo"]
[Black "Superfelix"]
[Result "1/2-1/2"]
[WhiteElo "2670"]
[BlackElo "2491"]
[TimeControl "180+1"]
[EndTime "11:07:54 PDT"]
[Termination "Game drawn - insufficient material"]

1. e4 c6 2. Nf3 g6 3. d3 Bg7 4. g3 d6 5. Bg2 Bg4 6. Nbd2 Nd7 7. h3 Bxf3 8. Nxf3 Ngf6 9. O-O O-O 10. Re1 a5 11. a4 Qc7 12. d4 e5 13. c3 Rfe8 14. Qc2 c5 15. dxe5 Nxe5 16. Nxe5 dxe5 17. Bf1 c4 18. b3 cxb3 19. Qxb3 Rac8 20. Rb1 Qxc3 21.
Qxc3 Rxc3 22. Rxb7 Nxe4 23. Bb2 Nd6 24. Bxc3 Nxb7 25. Rb1 Nc5 26. Bb5 Rb8 27. Rd1 Nb3 28.
Rd7 Nd4 29. Bc4 Rb1+ 30. Kg2 Ne6 31. Bxa5 Ra1 32. Bb5 h5 33. Bc3 Ra2 34. a5 e4 35.
Bxg7 Kxg7 36. a6 e3 37. Bc4 e2 38. Bxe2 Rxe2 39. a7 Ra2 40. Kf3 Ng5+ 41. Ke3 Nxh3 42.
f4 Ng1 43. Rd1 Ne2 44. Rd2 Rxa7 45. Kxe2 f6 46. Kf2 Ra3 47. Kg2 Kh6 48. Rd6 f5 49. Rd8 Kg7 50. Rd7+ Kf6 51. Rd6+ Kf7 52. Rb6 Ra7 53. Kh3 Re7 54. Kh4 Re6 55. Rb8 Re3 56. Rb7+ Kf6 57. Rb6+ Kg7 58. Rb7+ Kh6 59. Rb8 Re1 60.
Kh3 Rh1+ 61. Kg2 Rc1 62. Rh8+ Kg7 63. Ra8 Rc4 64. Kh3 Rc1 65. Ra7+ Kh6 66. Ra8 Rf1 67. Kg2 Re1 68. Rh8+ Kg7 69. Ra8 Rc1 70. Ra7+ Kh6 71.
Ra8 Rc7 72. Kh3 Rc2 73. Ra7 Rd2 74. Rb7 h4 75. gxh4 Rd3+ 76. Kg2 Kh5 77. Rh7+ Kg4 78. Rh6 Rd2+ 79. Kg1 Kxf4 80. Rxg6 Kf3 81. h5 f4 82. h6 Rd1+ 83. Kh2 Rd2+ 84. Kh3 Rd1 85. Kh4 Rh1+ 86.
Kg5 Ke3 87. Re6+ Kf3 88. Rf6 Kg3 89. Rxf4 Rxh6 90. Rg4+ Kf3 91. Rf4+ Ke3 92. Kxh6 Kxf4 1/2-1/2

[Event "*** SCC Grand Prix: Titled Tuesday Blitz"]
[Site "Chess.com"]
[Date "2020.09.29"]
[Round "6"]
[White "bazar-wokzal"]
[Black "Maghalashvili"]
[Result "1/2-1/2"]
[WhiteElo "2480"]
[BlackElo "2706"]
[TimeControl "180+1"]
[EndTime "11:07:57 PDT"]
[Termination "Game drawn by stalemate"]

1. e4 c5 2. c3 d6 3. d4 Nf6 4. Bd3 g6 5. dxc5 dxc5 6. e5 Nfd7 7. e6 fxe6 8. Nf3 Nc6 9. h4 Nde5 10. Nxe5 Nxe5 11.
Bb5+ Bd7 12. Qe2 Bxb5 13. Qxb5+ Qd7 14. Qxd7+ Kxd7 15. O-O Bg7 16. Nd2 Kc6 17. Ne4 Bf6 18. Be3 b6 19. Rfd1 Bxh4 20. Bg5 Bxg5 21. Nxg5 Rhf8 22.
Nxe6 Rf5 23. a4 h6 24. b4 Rf6 25. b5+ Kb7 26. f4 Rxe6 27. fxe5 Kc7 28. Rd5 Rd8 29. Rad1 Rxd5 30. Rxd5 h5 31. Kf2 g5 32. Ke3 Rh6 33. Ke4 h4 34. Rd3 g4 35.
Kf5 h3 36. gxh3 gxh3 37. Rd1 h2 38. Rh1 Kd7 39. c4 Rh5+ 40. Kg4 Rh8 41. Kf5 Rh4 42. Kg5 Rxc4 43. Rxh2 Rxa4 44. Kf5 Ra1 45. Rd2+ Ke8 46. Ke6 Rh1 47. Ra2 Rh6+ 48. Kd5 Kf7 49. Rxa7 Rg6 50.
Rb7 Rh6 51. Rc7 Rh1 52. Rb7 Rh6 53. Rc7 Rh1 54. Rb7 Rd1+ 55. Ke4 c4 56. Rxb6 c3 57. Rc6 Rb1 58. b6 c2 59. Rxc2 Rxb6 60. Rc4 Rh6 61.
Rc5 Ra6 62. Rb5 Ke6 63. Rb4 Rc6 64. Ra4 Rb6 65. Rc4 Rb5 66. Rc6+ Kd7 67. Ra6 e6 68. Ra7+ Kc6 69. Ra6+ Kd7 70. Ra7+ Kc6 71. Ra6+ Rb6 72. Rxb6+ Kxb6 73. Kd4 Kb5 74. Ke4 Kc4 75. Kf4 Kd4 76. Kf3 Kd5 77. Kf4 Kd4 78. Kf3 Kxe5 79. Ke3 Kd5 80. Kd3 e5 81. Ke3 e4 82. Ke2 Ke5 83.
Ke3 Kf5 84. Ke2 Kf4 85. Kf2 e3+ 86. Ke2 Ke4 87. Ke1 Kd3 88. Kd1 Kc3 89. Ke2 Kd4 90. Ke1 Kd3 91. Kd1 e2+ 92. Ke1 Ke3 1/2-1/2

[Event "*** SCC Grand Prix: Titled Tuesday Blitz"]
[Site "Chess.com"]
[Date "2020.09.29"]
[Round "6"]
[White "szefru"]
[Black "ajkom197"]
[Result "0-1"]
[WhiteElo "2167"]
[BlackElo "2457"]
[TimeControl "180+1"]
[EndTime "11:08:21 PDT"]
[Termination "ajkom197 won by checkmate"]

1. e4 c6 2. d4 d5 3. Nc3 dxe4 4. Nxe4 Nf6 5. Nxf6+ exf6 6. Nf3 Bd6 7. Be3 O-O 8. Qd2 Be6 9. Bd3 Nd7 10. O-O Qc7 11.
h3 Rfe8 12. Nh4 g6 13. f4 f5 14. c4 Nf6 15. g3 Ne4 16. Qg2 Bf8 17. Rfe1 Rad8 18.
Nf3 Bg7 19. Ne5 c5 20. d5 f6 21. Bxe4 fxe5 22. dxe6 fxe4 23. Qxe4 Rxe6 24. Rad1 Rde8 25. f5 gxf5 26. Qxf5 Rg6 27. Kh2 e4 28. Bf4 Qf7 29.
Qxf7+ Kxf7 30. b3 Rge6 31. Rd7+ R8e7 32. Rd5 b6 33. Bg5 Bf6 34. Bf4 Kg6 35. Re2 Bd4 36. h4 h6 37. h5+ Kh7 38. Kh3 e3 39. Rf5 Kg7 40. Rd5 Kh7 41. Rf5 Kg7 42. Rd5 Bc3 43. Rd6 Rxd6 44. Bxd6 Re6 45. Bf4 Bd2 46. Kg2 Kf7 47.
Kf3 Kg7 48. Bxe3 Bxe3 49. Rxe3 Rf6+ 50. Kg2 Kf7 51. g4 Rd6 52. Kg3 Rd4 53. Rf3+ Kg7 54. a4 a6 55. Re3 Kf7 56. Kh4 b5 57. axb5 axb5 58. cxb5 Rb4 59. Rf3+ Kg7 60. Rc3 Rxb5 61. g5 hxg5+ 62. Kxg5 c4+ 63. Kg4 cxb3 64. Rc7+ Kf6 65. Rc6+ Ke5 66. Rc1 Kd4 67. h6 b2 68. Rb1 Kc3 69.
h7 Rb8 70. Rh1 Rh8 71. Kg5 Rxh7 72. Rxh7 b1=Q 73. Rc7+ Kd4 74. Rd7+ Ke5 75. Re7+ Kd6 76. Rf7 Ke6 77. Rf6+ Ke7 78. Rf5 Qe4 79. Rf4 Qe3 80. Kg4 Ke6 81. Rf3 Qe2 82. Kf4 Kd5 83. Kg3 Ke4 84.
Rf4+ Ke3 85. Rg4 Qf2+ 86. Kh3 Qf1+ 87. Kh4 Qh1+ 88. Kg5 Qh3 89. Rh4 Qe6 90. Rg4 Qf7 91. Rg3+ Ke4 92. Rg4+ Ke5 93. Kh4 Qf2+ 94. Kh3 Kf5 95. Rg2 Qf3+ 96. Rg3 Qh1# 0-1

[Event "*** SCC Grand Prix: Titled Tuesday Blitz"]
[Site "Chess.com"]
[Date "2020.09.29"]
[Round "7"]
[White "biostatistician"]
[Black "dominikaf"]
[Result "1-0"]
[WhiteElo "2572"]
[BlackElo "2290"]
[TimeControl "180+1"]
[EndTime "11:09:42 PDT"]
[Termination "biostatistician won by resignation"]

1. d4 Nf6 2. Nf3 g6 3. c4 Bg7 4. Nc3 d6 5. e4 O-O 6. Be2 e5 7. dxe5 dxe5 8. Qxd8 Rxd8 9. Bg5 Rf8 10. Nd5 Na6 11. Nxf6+ 1-0

[Event "*** SCC Grand Prix: Titled Tuesday Blitz"]
[Site "Chess.com"]
[Date "2020.09.29"]
[Round "7"]
[White "Justinz"]
[Black "DrMamaliga"]
[Result "0-1"]
[WhiteElo "2416"]
[BlackElo "2314"]
[TimeControl "180+1"]
[EndTime "11:10:06 PDT"]
[Termination "DrMamaliga won by checkmate"]

1. e4 d6 2. d4 g6 3. Nc3 Nf6 4. Bg5 Bg7 5. f4 h6 6. Bh4 c5 7. d5 Qa5 8. Qd2 Qb4 9. O-O-O Nxe4 10. Nxe4 Qxb2# 0-1

[Event "*** SCC Grand Prix: Titled Tuesday Blitz"]
[Site "Chess.com"]
[Date "2020.09.29"]
[Round "7"]
[White "tlomigtlis"]
[Black "A-Fier"]
[Result "0-1"]
[WhiteElo "2525"]
[BlackElo "2834"]
[TimeControl "180+1"]
[EndTime "11:10:43 PDT"]
[Termination "A-Fier won by resignation"]

1. d4 Nf6 2. c4 e5 3. dxe5 Ne4 4. a3 d6 5. Nf3 Nc6 6. Bf4 Bf5 7. e3 dxe5 8.
Qxd8+ Rxd8 9. Nxe5 Na5 10. f3 Nc5 11. Nd2 Rxd2 12. Kxd2 Nab3+ 13. Kc3 Nxa1 14. Be2 Na4+ 0-1

[Event "*** SCC Grand Prix: Titled Tuesday Blitz"]
[Site "Chess.com"]
[Date "2020.09.29"]
[Round "7"]
[White "kidagent"]
[Black "fabianvivasz"]
[Result "0-1"]
[WhiteElo "2295"]
[BlackElo "2447"]
[TimeControl "180+1"]
[EndTime "11:10:48 PDT"]
[Termination "fabianvivasz won by resignation"]

1. e4 e5 2. Nf3 Nc6 3. Bb5 f5 4. d3 fxe4 5. dxe4 Nf6 6. Nc3 Bb4 7. O-O Bxc3 8. bxc3 d6 9. Bg5 O-O 10. Re1 Qe8 11.
h3 Qg6 12. Bd3 Nh5 13. Qd2 h6 14. Bh4 Rxf3 0-1

[Event "*** SCC Grand Prix: Titled Tuesday Blitz"]
[Site "Chess.com"]
[Date "2020.09.29"]
[Round "7"]
[White "krasavetc"]
[Black "GHANDEEVAM2003"]
[Result "0-1"]
[WhiteElo "2339"]
[BlackElo "2990"]
[TimeControl "180+1"]
[EndTime "11:10:49 PDT"]
[Termination "GHANDEEVAM2003 won by resignation"]

1. c4 b6 2. Nc3 Bb7 3. d4 g6 4.
Nf3 Bg7 5. e4 e6 6. Be2 Ne7 7.
O-O d6 8. Be3 Nd7 9. Qc1 h6 10.
Rd1 a6 11. Bf1 Kf8 12. e5 Bxf3 13. gxf3 Nf5 14. Bf4 Nxd4 15. Rxd4 dxe5 16. Rd3 exf4 17. Qd2 Qg5+ 18. Kh1 Ne5 19. Rd4 Nxf3 0-1

[Event "*** SCC Grand Prix: Titled Tuesday Blitz"]
[Site "Chess.com"]
[Date "2020.09.29"]
[Round "7"]
[White "chegueps"]
[Black "Jadeit90"]
[Result "1-0"]
[WhiteElo "2468"]
[BlackElo "2331"]
[TimeControl "180+1"]
[EndTime "11:11:02 PDT"]
[Termination "chegueps won by resignation"]

1. d4 g6 2. Nf3 Bg7 3. Nc3 c5 4. e3 cxd4 5. exd4 Nf6 6. Bf4 O-O 7. Qd2 d6 8. Bh6 Nc6 9. h4 Bg4 10. Be2 Rc8 11. O-O-O Qa5 12. Bxg7 Kxg7 13. a3 h5 14. Ng5 Bxe2 15. Qxe2 e5 16. d5 Nd4 17. Qe3 Ng4 18. Qe1 Rxc3 19. bxc3 Qxa3+ 20. Kb1 Nb5 21. Rd3 Rc8 22. c4 Nd4 23. Rxa3 1-0

[Event "*** SCC Grand Prix: Titled Tuesday Blitz"]
[Site "Chess.com"]
[Date "2020.09.29"]
[Round "7"]
[White "Chamal_Gedgafov"]
[Black "Trickov"]
[Result "0-1"]
[WhiteElo "2141"]
[BlackElo "2355"]
[TimeControl "180+1"]
[EndTime "11:11:17 PDT"]
[Termination "Trickov won by resignation"]

1. d4 d5 2. c4 c6 3. Nc3 Nf6 4.
Nf3 dxc4 5. e4 b5 6. e5 Nd5 7.
a4 e6 8. axb5 Nxc3 9. bxc3 cxb5 10. Ng5 Bb7 11. Qh5 Qd7 12. Be2 g6 13. Qg4 Be7 14.
Bf3 Bd5 15. Ra6 Nxa6 0-1

[Event "*** SCC Grand Prix: Titled Tuesday Blitz"]
[Site "Chess.com"]
[Date "2020.09.29"]
[Round "7"]
[White "Margency"]
[Black "TheCavemanChesss"]
[Result "1-0"]
[WhiteElo "2649"]
[BlackElo "2449"]
[TimeControl "180+1"]
[EndTime "11:11:19 PDT"]
[Termination "Margency won by resignation"]

1. e4 c5 2. Nf3 d6 3. d4 cxd4 4. Nxd4 Nf6 5. Nc3 a6 6. Be3 e5 7. Nb3 Be6 8. f3 Be7 9. Qd2 Nbd7 10. O-O-O O-O 11. g4 b5 12. Kb1 b4 13. Nd5 Bxd5 14. exd5 a5 15. g5 Nh5 16. Bh3 g6 17.
Rhg1 a4 18. Nc1 Qa5 19. Bxd7 Rfb8 20. Bc6 Ra6 21. Rg4 Bd8 22. Nd3 Bb6 23. Rxb4 a3 24. Rxb6 1-0